 Dungeon Crawl Stone Soup version 0.18-a0-1570-gf60b0ab (webtiles) character file.

200 mopl the Insei (level 5, -5/41 HPs)
             Began as a Mummy Monk on Mar 14, 2016.
             Slain by Natasha (8 damage)
             ... on level 4 of the Dungeon.
             The game lasted 00:05:14 (3517 turns).

mopl the Insei (Mummy Monk)                         Turns: 3517, Time: 00:05:15

Health: -5/41      AC:  3    Str: 14    XL:     5   Next: 49%
Magic:  5/5        EV: 13    Int: 10    God:
Gold:   208        SH:  0    Dex: 15    Spells: 0 memorised, 4 levels left

rFire  x . .     SeeInvis .       - Unarmed
rCold  + . .     Gourm    .     (no armour)
rNeg   + + +     Faith    .     (no shield)
rPois  ∞         Spirit   .     d - +0 helmet
rElec  .         Dismiss  .     f - +1 cloak
rCorr  .         Reflect  .     (no gloves)
SustAt .         Harm     .     (no boots)
MR     .....                    (no amulet)
Stlth  ++........               (no ring)
                                (no ring)

@: not resistant to hostile enchantments, unstealthy
A: no food or potions, fire vulnerability, cold resistance 1, negative energy
resistance 3, torment resistance, unbreathing
a: no special abilities


You were on level 4 of the Dungeon.
You were not hungry.

You visited 1 branch of the dungeon, and saw 4 of its levels.

You collected 208 gold pieces.

Inventory:

Armour
 d - a +0 helmet (worn)
 f - a +1 cloak (worn)
Jewellery
 g - an uncursed amulet of guardian spirit {unknown}
Scrolls
 a - 2 scrolls of magic mapping
 b - 2 scrolls of remove curse
 c - a scroll of teleportation
 e - a scroll of immolation {!r}
 h - 3 scrolls of blinking
 i - a scroll of identify


   Skills:
 - Level 3.0 Fighting
 - Level 2.4 Dodging
 - Level 1.5 Stealth
 * Level 5.6 Unarmed Combat


You had 4 spell levels left.
You didn't know any spells.

Dungeon Overview and Level Annotations

Branches:
Dungeon (4/15)
 Temple: D:4-7

Altars:
Okawaru
Pakellas
Trog

Annotations:
D:4 Natasha


Innate Abilities, Weirdness & Mutations

You do not eat or drink.
Your flesh is vulnerable to fire.
You are immune to poison.
Your flesh is cold resistant.
You are immune to negative energy.
You are immune to unholy pain and torment.
You can survive without breathing.


Message History

Natasha is severely wounded.
You closely miss Natasha.
Natasha is severely wounded.
Natasha claws you!
* * * LOW HITPOINT WARNING * * *
You miss Natasha.
Natasha is severely wounded.
Natasha claws you!
* * * LOW HITPOINT WARNING * * *
Read which item? (? for menu, Esc to quit)
Okay, then.
You barely miss Natasha.
Natasha is severely wounded.
Natasha growls.
Natasha casts a spell at you. You resist with some effort.
You closely miss Natasha.
Natasha is severely wounded.
Natasha claws you!
You die...

##...### ##....# #....##
##....# . #..#.### ...
#..#...###....
#........h....
######.h###...#...
##########......@#
###.....#
#..........####..## ###..
.....####### ##..# .....#
#..# .....### ##.#
.......# #.#
.....#.###################
.....#..†....!...........#
.....#####################


You could see Natasha.

Vanquished Creatures
  A scorpion (D:4)
  An orc wizard (D:3)
  An orc priest (D:3)
  A hound skeleton (D:4)
  An adder (D:2)
  4 worms
  A giant gecko (D:1)
  10 orcs
  2 bats
  3 giant cockroaches
  6 goblins
  2 hobgoblins
  3 kobolds
  3 quokkas
  3 ball pythons
  6 giant newts
  7 rats
55 creatures vanquished.

Notes
Turn   | Place    | Note
--------------------------------------------------------------
     0 | D:1      | mopl the Mummy Monk began the quest for the Orb.
     0 | D:1      | Reached XP level 1. HP: 18/18 MP: 1/1
   341 | D:1      | Reached XP level 2. HP: 18/24 MP: 2/2
   972 | D:2      | Found an iron altar of Okawaru.
  1076 | D:2      | Reached skill level 4 in Unarmed Combat
  1327 | D:2      | Reached XP level 3. HP: 8/29 MP: 3/3
  1895 | D:2      | Noticed a moth of wrath
  1898 | D:2      | Found a bloodstained altar of Trog.
  2669 | D:3      | Found an oddly glowing altar of Pakellas.
  2855 | D:3      | Reached XP level 4. HP: 27/35 MP: 4/4
  3064 | D:3      | Reached skill level 5 in Unarmed Combat
  3158 | D:3      | Found an oddly glowing altar of Pakellas.
  3223 | D:3      | Reached XP level 5. HP: 31/41 MP: 5/5
  3493 | D:4      | Noticed Natasha
  3517 | D:4      | Slain by Natasha

Vault maps used:
D:1:      dpeg_arrival_long_road
D:2:      tgw_trog, first_bread, okawaru_ov_weapons_minmay
D:3:      lemuel_coloured_pillars_altar, minivault_25, grunt_pakellas_sulfur
D:4:      makhleb_altar_promises_db, serial_shops, kennysheep_mini, uniq_natasha

Skill      XL: |  1  2  3  4 |
---------------+-------------+-----
Unarmed Combat | 4 5 |  5.6
Fighting       | |  3.0
Dodging        | |  2.4
Stealth        | |  1.5

Action                   |  1- 3 |  4- 6 || total
-------------------------+-------+-------++-------
Melee: Unarmed           |   167 |    83 ||   250
  Use: Scroll            |     6 |       ||     6
 Stab: Sleeping          |     4 |     2 ||     6
